Cogmind - Beta 9.4 @@@ ROGUE MODE // 2020.03.13 @ 20:16:45 Player: Dakka Result: Destroyed by G-34 Mercenary with Small Laser Performance ------------- Evolutions (0) 0 Regions Visited (1) 200 Robots Destroyed (13) 65 Value Destroyed (89) 89 Prototype IDs (4) 80 Alien Tech Used (0) 0 Bonus (0) 0 TOTAL SCORE: 434 Bonus ------- None Cogmind --------- Core Integrity 0/250 Matter 300/300 Energy 125/125 System Corruption 0% Temperature Cool (6) Movement Flying (120) Ox1 Location -10/Materials Parts ------- > --- POWER (1) -------- Light Ion Engine > --- PROPULSION (2) --- Flight Unit > --- UTILITY (2) ------ Improved Terrain Scanner Seismic Analyzer > --- WEAPON (2) ------- Mining Claw > --- INVENTORY (4) ---- (None) Peak State ------------ > --- POWER ------------ Light Ion Engine > --- PROPULSION ------- Wheel Compact Wheel > --- UTILITY ---------- Improved Terrain Scanner Seismic Analyzer > --- WEAPON ----------- Assault Rifle Assault Rifle > --- INVENTORY -------- Small Storage Unit [Rating: 8] Favorites ----------- Power Light Ion Engine Engine Light Ion Engine Propulsion Compact Wheel Wheel Compact Wheel Flight Unit Flight Unit Utility Seismic Analyzer Device Improved Terrain Scanner Storage Small Storage Unit Processor Seismic Analyzer Weapon Assault Rifle Ballistic Gun Assault Rifle Special Weapon Mining Laser Slashing Weapon Mining Claw Build | -11 -10 ------- Run | Scr Mat Slots Evolved . | . . Power . | . . Propulsion . | . . Utility . | . . Weapon . | . . Parts Attached 16 | 12 4 Power 2 | 1 1 Engine 2 | 1 1 Core . | . . Reactor . | . . Propulsion 4 | 2 2 Treads . | . . Leg . | . . Wheel 2 | 2 . Hover . | . . Flight 2 | . 2 Utility 3 | 3 . Device 1 | 1 . Storage 1 | 1 . Processor 1 | 1 . Hackware . | . . Protection . | . . Artifact . | . . Weapon 7 | 6 1 Energy Gun . | . . Energy Cannon . | . . Ballistic Gun 5 | 5 . Ballistic Cannon . | . . Launcher . | . . Special Weapon 1 | 1 . Impact Weapon . | . . Slashing Weapon 1 | . 1 Piercing Weapon . | . . Special Melee Weapon . | . . Unidentified Prototypes . | . . Parts Lost 6 | . 6 Power 1 | . 1 Propulsion 3 | . 3 Utility . | . . Weapon 2 | . 2 Highest Loss Streak 6 | . 6 Average Slot Usage (%) 91 | . 91 Engine 12 | . 12 Wheel 21 | . 21 Flight 3 | . 3 Device 14 | . 14 Processor 14 | . 14 Ballistic Gun 22 | . 22 Naked Turns . | . . Heaviest Build 11 | 11 8 Greatest Support 26 | 26 26 Greatest Overweight (x) 1 | . 1 Average Overweight (x) . | . . Largest Inventory Capacity 6 | 6 4 Average Capacity 4 | 5 4 Most Carried 3 | 3 2 Average Carried . | . . Final Capacity 4 | 4 4 Final Carried . | . . Class Distribution -------------------- 100% | Mutant Dominant Class ---------------- Mutant | -10/Materials Resources | -11 -10 ----------- Run | Scr Mat Matter Collected 504 | 384 120 Remotely . | . . Salvage Created 290 | 173 117 Parts 26 | 19 7 Haulers Intercepted . | . . Recyclers Shooed 2 | 1 1 Parts Field Recycled . | . . Retrieved Matter . | . . Parts Self-Destructed . | . . Prevented . | . . Kills | -11 -10 ------- Run | Scr Mat Combat Hostiles Destroyed 4 | . 4 Melee 1 | . 1 Guns 3 | . 3 Classes Destroyed 4 | 3 1 Worker 2 | 2 . Tunneler 5 | 5 . Recycler 2 | 1 1 Swarmer 4 | . 4 Best Kill Streak 4 | 3 4 Combat Bots Only 3 | . 3 Max Kills in Single Turn 1 | 1 1 Gunslinging . | . . Exploded . | . . Melee 1 | . 1 Uniques/NPCs Destroyed . | . . Combat | -11 -10 -------- Run | Scr Mat Damage Taken 656 | . 656 Core 259 | . 259 Absorbed by Shields . | . . Core Remaining (%) 100 | 100 . Volleys Fired 34 | 23 11 Largest 2 | 2 2 Hottest 100 | 100 40 Shots Fired 63 | 41 22 Gun 58 | 36 22 Cannon . | . . Launcher . | . . Special 5 | 5 . Kinetic 58 | 36 22 Thermal 5 | 5 . Explosive . | . . Electromagnetic . | . . Robot Hit Streak 6 | 6 5 Robot Miss Streak 4 | 2 4 Penetration Max . | . . Secondary Targets 3 | . 3 Max Gunslinging Chain 1 | . 1 Shots Hit Robots 38 | 24 14 Core Hits 18 | 9 9 Critical Hits . | . . Critical Kills . | . . Critical Parts Destroyed . | . . Melee Attacks 3 | . 3 Impact . | . . Slashing 3 | . 3 Piercing . | . . Sneak Attacks . | . . Combat Hostiles . | . . Follow-up Attacks . | . . Damage Inflicted 549 | 329 220 Guns 430 | 233 197 Cannons . | . . Explosions . | . . Melee 23 | . 23 Ramming . | . . Kinetic 430 | 233 197 Thermal 96 | 96 . Explosive . | . . Electromagnetic . | . . Impact . | . . Slashing 23 | . 23 Piercing . | . . Highest Corruption . | . . Average Corruption . | . . Corruption Purged . | . . Overload Shots . | . . Overflow Damage 2 | 2 . Projectiles 2 | 2 . Explosions . | . . Melee . | . . Knockbacks . | . . Impact . | . . Kinetic . | . . Secondary . | . . Self-Inflicted Damage . | . . Shots . | . . Rammed . | . . Targets Rammed . | . . Kicked . | . . Crushed . | . . Highest Temperature 60 | 60 5 Average Temperature 22 | 24 5 Received Heat Transfer 246 | . 246 Siege Activations . | . . Robots Corrupted . | . . Combat Hostiles . | . . Parts Fried . | . . Impact Corruptions . | . . Robots Melted . | . . Combat Hostiles . | . . Parts Melted . | . . Heat Transferred 200 | 200 . Parts Sabotaged . | . . Parts Stolen . | . . Parts Stripped . | . . Power Chain Reactions . | . . Missiles Intercepted . | . . Alert | -11 -10 ------- Run | Scr Mat Peak Influence 116 | 40 116 Average Influence 30 | 17 44 Maximum Alert Level . | . . Low Security (%) 100 | 100 100 Level 1 . | . . Level 2 . | . . Level 3 . | . . Level 4 . | . . Level 5 . | . . High Security . | . . Max Security . | . . Squads Dispatched 3 | . 3 Investigation 2 | . 2 Extermination . | . . Reinforcement 1 | . 1 Assault . | . . Garrison . | . . Intercept . | . . Construction Impeded . | . . Haulers Reinforced . | . . Stealth | -11 -10 --------- Run | Scr Mat Distress Signals 2 | . 2 Communications Jammed . | . . Distress Signals . | . . Times Spotted 20 | . 20 Peak Tracking Total 10 | . 10 Tactical Retreats 3 | . 3 Traps | -11 -10 ------- Run | Scr Mat Traps Triggered 1 | . 1 Indirectly . | . . Trap Hack Attempts . | . . Triggered . | . . Disarmed . | . . Reprogrammed . | . . Reused . | . . Traps Extracted . | . . Installed . | . . Triggered . | . . Machines | -11 -10 ---------- Run | Scr Mat Machines Disabled . | . . Max in Single Turn . | . . Machines Sabotaged . | . . Garrisons Compromised . | . . Overloaded Fab Kills . | . . Fab Network Shutdowns . | . . Hacking | -11 -10 --------- Run | Scr Mat Machines Accessed 4 | . 4 Terminals 3 | . 3 Fabricators . | . . Repair Stations . | . . Recycling Units 1 | . 1 Scanalyzers . | . . Garrison Access . | . . Total Hacks 9 | . 9 Successful 6 | . 6 Failed 3 | . 3 Catastrophic . | . . Database Lockouts . | . . Manual . | . . Terminals 8 | . 8 Fabricators . | . . Repair Stations . | . . Recycling Units 1 | . 1 Scanalyzers . | . . Garrison Access . | . . Terminal Hacks 5 | . 5 Prototype ID Bank 2 | . 2 Emergency Access Points 2 | . 2 Zone Layout 1 | . 1 Fabricator Hacks . | . . Repair Station Hacks . | . . Recycling Unit Hacks 1 | . 1 Report Inventory 1 | . 1 Scanalyzer . | . . Garrison Access Hacks . | . . Unauthorized Hacks . | . . Terminals . | . . Fabricators . | . . Repair Stations . | . . Recycling Units . | . . Scanalyzers . | . . Garrison Access . | . . Data Cores Recovered . | . . Used . | . . Hacking Detections 3 | . 3 Full Trace Events 2 | . 2 Feedback Events . | . . Feedback Blocked . | . . Robot Schematics Acquired . | . . Robots Built . | . . Matter . | . . Time . | . . Total Robot Build Rating . | . . Part Schematics Acquired . | . . Parts Built . | . . Matter . | . . Time . | . . Total Part Build Rating . | . . Parts Repaired . | . . Time . | . . Parts Recycled . | . . Recycled Matter . | . . Retrieved Matter . | . . Retrieved Components . | . . Parts Scanalyzed . | . . Part Schematics Acquired . | . . Parts Damaged . | . . Bothacking | -11 -10 ------------ Run | Scr Mat Used RIF Installer . | . . Robots Hacked . | . . Non-combat . | . . Combat . | . . Robot Hacks Applied . | . . Relay Couplers Released . | . . Robots Rewired . | . . Allies Hacked . | . . Hacks Repelled . | . . Allies | -11 -10 -------- Run | Scr Mat Total Allies . | . . Largest Group . | . . Highest-Rated Group . | . . Highest-Rated Ally . | . . Total Orders . | . . Ally Attacks . | . . Total Damage . | . . Kills . | . . Allies Corrupted . | . . Allies Melted . | . . Intel | -11 -10 ------- Run | Scr Mat Robot Analysis Total . | . . Derelict Logs Recovered . | . . Drone Launches . | . . Drone Recoveries . | . . Exploration | -11 -10 ------------- Run | Scr Mat Turns Passed 546 | 271 275 Spaces Moved 436 | 163 273 Core 8 | 5 3 Treads . | . . Legs . | . . Wheels 346 | 158 188 Hover . | . . Flight 82 | . 82 Fastest Speed 37 | 50 37 Average Speed 80 | 88 75 Slowest Speed 120 | 90 120 Overloaded Moves . | . . Propulsion Burnouts . | . . Robots Hopped 2 | . 2 Cave-ins Triggered . | . . Exploration Rate (%) 35 | 7 63 Regions Visited 1 Branch Regions . Pre-discovered Areas . | . . Known Exits Taken . | . . Unknown Exits Taken 1 | 1 . Scrap Searched . | . . Spaces Dug . | . . Terrain Destroyed . | . . Melee . | . . Projectile . | . . AOE . | . . Actions | -11 -10 --------- Run | Scr Mat Total 550 | 240 310 Wait 43 | 26 17 Move 431 | 162 269 Hop 2 | . 2 Pick Up 16 | 12 4 Fast Attach . | . . Attach 15 | 11 4 Detach . | . . Swap 1 | 1 . Drop 5 | 5 . Fire 34 | 23 11 Melee 3 | . 3 Ram . | . . Kick . | . . Crush . | . . Escape Stasis . | . . Rewire . | . . Trap . | . . Miscellaneous . | . . Route ------- -11/Scrapyard -10/Materials (discovered 1 exit: [*Mat]) History --------- Turn | Location | Event 17 | -11/Scrapyard | Discovered new exit (range 16) 272 | -11/Scrapyard | Entered Materials 317 | -10/Materials | Build established: Mutant 345 | -10/Materials | Discovered new exit (range 12) 494 | -10/Materials | Core integrity fell below 50% 518 | -10/Materials | Core integrity fell below 20% 542 | -10/Materials | Lost 6 parts (1p3n2w) 547 | -10/Materials | Destroyed by G-34 Mercenary with Small Laser Last Messages --------------- 00481_ Lgt. Ion Engine destroyed. 00483_ R-06 Scavenger sends out distress signal. 00486_ Wheel destroyed. 00488_ Com. Wheel destroyed. 00491_ Assault Rifle destroyed. 00492_ Acquired Flight Unit. 00493_ Assault Rifle destroyed. 00493_ Acquired 12 matter. 00493_ K-01 Serf collects debris. 00494_ Acquired Flight Unit. 00495_ U-05 Engineer destroyed. 00496_ K-01 Serf collects debris. 00499_ Acquired 21 matter. 00501_ Acquired Lgt. Ion Engine. 00510_ W-16 Scout sends out distress signal. 00511_ Flight Unit destroyed. 00521_ Acquired 33 matter. 00529_ Acquired Mining Claw. 00536_ S-10 Pest destroyed. 00540_ Acquired 10 matter. Map ----- +----------------------------------------------------+ | ??????????????????????????????????# | | ??????????????????????????????????? | | ????????????????????????????????? ? | | ?????????????????????????????????## ?? | | ?????????????????????????????#???? ? | | ???????????????????????? ?#?????????? | | ??????????????? ??????????##????? ? ?? | | ??????????????????????????????#??????# | | ?????????????????????????????##????+## | | ??????????????? ?????????????# ? | | ???????????? ???????? ???????# ? | | ??????#??###???### ?????#?#??# """ | | ?????#????# ## ???????#?# """"" | | ??????????# """ ## #??????# """"" | | ??#???????# """ ## ???????# """"" | | #?????#???# """ ## ######## """ | | ?????#?#??# ## / | | ???#???#??# ## # | | ???#?#????# ## ####+#### | | #??##????## ///## #?? | | ?#???#???## // ## ### | | ???#????#?# / ## | | ########### ## ###### ### ### | | # ##* ## #????# #?# #?? | | # """ ##+####### #????# #?# #?# | | # """ # %[@ggg a ######/### #?# | | # ! """ # ####### # ## #?? | | # + + * # # ## #?? | | # """ # # # # ## ### | | # """ # # %**# # ## #?? | | # * """ # # ***# # ## #?? | | # # # ***# + ## #? | | ########## # # # #? ?# | | ?????????# # # # #? ?# | | ?????????# # # # # | | ???????#?####"" + + !!#? T | | #????##????##"Y ##### ! # | | ?????#?#????#"" #?#?#########? ## | | ????????????# #??????????????????? | | ????#???????#######??????????????????? | | ????#????????????????????????????????? | | ??????????????????????#???? ?????????? | | ?????????????#??????????? ??????????? | | ?????????????????????????????????? # | | ???????????????????????????????????# | | ?????????#?????????????????????????# | | ???????????????#?????????????????????? | | ???????????????????????#?????????????? | | ?????????????????????????????????????? | | ?????????????????#???????????????????? | +----------------------------------------------------+ Best States ------------- Heat Dissipation 25 Energy Generation 10 Energy Capacity 125 Matter Stores 300 Matter Capacity 300 Sight Range 16 Terrain Scan Range 16 Terrain Scan Density 60 Evasion (%) 62 Item Schematics ----------------- None Robot Schematics ------------------ None Fabricated ------------ Nothing Alien Tech Used ----------------- None Achievements -------------- None Challenges ------------ None Game ------ Seed BiomechanicalLayeredFirepult Manual? 0 Play Time 00:09:54 Cumulative 4.9 hours Start 2020.03.13 @ 20:07:54 End 2020.03.13 @ 20:16:45 Sessions 1 Manual Loads 0 Difficulty Rogue Special Mode None Game No. 7 Rogue 7 Adventurer 0 Explorer 0 Win Type - Total 0 Types 0/0/0/0/0/0/0 Lore% 13 Gallery% 11 Achievement% 11 Wizard Run 0 Options --------- ASCII 0 Keyboard 0 Movement Mouse Keybinds 0 Fullscreen 1 Font 12/Smallcaps Map View 83x54 Tactical HUD 1 Map Filters NONE Filters NONE Steam 1 RUN: a162b9c4-643a-4305-9866-fabbaad6809c